 Dungeon Crawl Stone Soup version bcrawl-1.37.2 (webtiles) character file.

Game seed: 15591534958506102146

113164 Mehrunes the Magician (level 3, -4/24 HPs)
             Began as a Mummy Conjurer on Nov 2, 2022.
             Slain by an orc
             ... wielding a +1 hand axe of electrocution
              (17 damage)
             ... on level 2 of the Dungeon.
             The game lasted 00:01:26 (1011 turns).

Mehrunes the Magician (Mummy Conjurer)              Turns: 1011, Time: 00:01:26

Health: -4/24      AC:  2    Str: 11    XL:     3   Next: 8%
Magic:  2/8        EV: 12    Int: 15    God:
Gold:   46         SH:  0    Dex: 12    Spells: 9/10 levels left

rFire    x . .     GDR:     24% b - +0 whip
rCold    + . .     SeeInvis .   (no shield)
rNeg     + + +     Gourm    .   a - +0 robe
rPois    ∞         Faith    .   (no helmet)
rElec    .         Spirit   .   (no cloak)
rCorr    .         Reflect  .   (no gloves)
MR       .....     Clarity  +   (no boots)
Stlth    ++........             (no amulet)
HPRegen  0.14/turn              (no ring)
MPRegen  0.11/turn              (no ring)

@: no status effects
A: no food or potions, fire vulnerability, clarity, cold resistance 1, negative
energy resistance 3, torment resistance, unbreathing, strong hexes 1
a: no special abilities


You were on level 2 of the Dungeon.
You were not hungry.

You visited 1 branch of the dungeon, and saw 2 of its levels.

You collected 46 gold pieces.

Inventory:

Hand Weapons
 b - a +0 whip (weapon)
Armour
 a - a +0 robe (worn)
Scrolls
 c - 2 scrolls of enchant armour {unknown}
 d - a scroll of enchant weapon {unknown}
 i - 3 scrolls of identify


   Skills:
 - Level 1.5 Dodging
 - Level 2.1 Stealth
 * Level 4.0 Spellcasting
 + Level 3.5 Conjurations


You had 9 spell levels left.
You knew the following spells:

 Your Spells              Type           Power        Failure   Level  Hunger
a - Magic Dart            Conj           ##..         4%          1    N/A

Your spell library contained the following spells:

 Spells                   Type           Power        Failure   Level  Hunger
 Searing Ray              Conj           ##......     6%          2    N/A
 Iskenderun's Mystic Bla  Conj           ##......     12%         3    N/A
 Fulminant Prism          Conj/Hex       ##........   65%         4    N/A
 Irradiate                Conj/Tmut      #.........   94%         5    N/A

Dungeon Overview and Level Annotations

Branches:
Dungeon (2/12)

Altars:


Innate Abilities, Weirdness & Mutations

You do not eat or drink.
Your flesh is vulnerable to fire.
You are immune to poison.
You possess an exceptional clarity of mind.
Your flesh is cold resistant. (rC+)
You are immune to negative energy. (rN+++)
You are immune to unholy pain and torment.
You can survive without breathing.
Your hexes are more powerful.


Message History

The orc is moderately wounded.
Casting: Magic Dart (safe; 4% risk of failure)
Confirm with . or Enter, or press ? or * to list all spells.
Aiming: Magic Dart (safe; 4% risk of failure)
Press: ? - help, Shift-Dir - straight line, f/p - orc
Aim: an orc, wielding a +1 hand axe of electrocution and wearing a +0 leather armour (moderately wounded)
The magic dart hits the orc but does no damage.
The orc is moderately wounded.
The orc hits you with a +1 hand axe of electrocution!
Casting: Magic Dart (safe; 4% risk of failure)
Confirm with . or Enter, or press ? or * to list all spells.
Aiming: Magic Dart (safe; 4% risk of failure)
Press: ? - help, Shift-Dir - straight line, f/p - orc
Aim: an orc, wielding a +1 hand axe of electrocution and wearing a +0 leather armour (moderately wounded)
The magic dart hits the orc.
The orc is heavily wounded.
The orc hits you with a +1 hand axe of electrocution.
You are electrocuted!
Ouch! That really hurt!
You die...

.#. #.. #.# ...
######### #.#
#.......# #.#
#.......# #o#
#.......# #@#
#.......# ###.#
#.....†.# #...#
#......<# #.###
#<......# #.#
####.#### #.#
######.######.#
#...........#.#
...#####%###.#.#


You could see an orc.

Vanquished Creatures
  A worm (D:2)
  3 dart slugs (D:1)
  2 giant cockroaches (D:1)
  3 goblins (D:1)
  A hobgoblin (D:1)
  2 kobolds
  3 bats (D:1)
  3 frilled lizards (D:1)
  6 rats (D:1)
24 creatures vanquished.

Notes
Turn   | Place    | Note
-------+----------+-------------------------------------------
     0 | D:1      | Mehrunes the Mummy Conjurer began the quest for the Orb.
     0 | D:1      | Reached XP level 1. HP: 13/13 MP: 4/4
   105 | D:1      | Reached skill level 3 in Spellcasting
   150 | D:1      | Reached XP level 2. HP: 19/19 MP: 1/6
   762 | D:1      | Reached skill level 4 in Spellcasting
   936 | D:2      | Reached XP level 3. HP: 24/24 MP: 1/8
  1011 | D:2      | Slain by an orc

Skill      XL: |  1  2 |
---------------+-------+-----
Spellcasting   | 3 4 |  4.0
Dodging        | |  1.5
Stealth        | |  2.1
Conjurations   | |  3.5

Action                   || total
-------------------------++-------
Melee: Whip              ||    15
 Cast: Magic Dart        ||    50
Armor: Robe              ||     4
Dodge: Dodged            ||     8
